 Dungeon Crawl Stone Soup version 0.21-a0-434-g806c6c2 (webtiles) character file.

354 slep the Cudgeler (level 6, -1/46 HPs)
             Began as a Demonspawn Gladiator on Nov 8, 2017.
             Was a Follower of Dithmenos.
             Slain by zazu2006's ghost (3 damage)
             ... on level 3 of the Dungeon.
             The game lasted 00:21:27 (3969 turns).

slep the Cudgeler (Demonspawn Gladiator)            Turns: 3969, Time: 00:21:27

Health: -1/46      AC:  5    Str: 15    XL:     6   Next: 35%
Magic:  6/6        EV: 13    Int: 12    God:    Dithmenos [*.....]
Gold:   161        SH:  0    Dex: 15    Spells: 5/5 levels left

rFire    + . .     SeeInvis .   b - +0 falchion
rCold    . . .     Gourm    .   (no shield)
rNeg     . . .     Faith    .   q - +0 leather armour
rPois    .         Spirit   .   c - +0 helmet
rElec    .         Reflect  .   (no cloak)
rCorr    +         Harm     .   (no gloves)
MR       .....     Clarity  +   o - +0 pair of boots {Stlth+}
Stlth    ++........             (no amulet)
HPRegen  0.15/turn              g - ring of protection from fire
MPRegen  0.10/turn              h - ring of resist corrosion

@: lethally poisoned (-1 -> -3), flying, wreathed by umbra
A: clarity, clever 1, powered by death 1, rot immunity
a: Renounce Religion


You were on level 3 of the Dungeon.
You worshipped Dithmenos.
Dithmenos was aware of your devotion.
You were very hungry.

You visited 1 branch of the dungeon, and saw 3 of its levels.
You also visited: Sewer.

You collected 161 gold pieces.

Inventory:

Hand Weapons
 a - a +0 hand crossbow
 b - a +0 falchion (weapon)
 e - a +0 flail
 A - a +2 spear of venom
Missiles
 d - 3 throwing nets (quivered)
 j - 21 bolts
 k - 2 javelins
Armour
 c - a +0 helmet (worn)
 o - a +0 pair of boots of stealth (worn)
 q - a +0 leather armour (worn)
Jewellery
 g - a ring of protection from fire (left hand)
 h - a ring of resist corrosion (right hand)
 p - an uncursed ring of wizardry
Scrolls
 i - 2 scrolls of immolation {unknown}
 l - 4 scrolls of identify {unknown}
 r - a scroll of blinking {unknown}
 t - a scroll of amnesia {unknown}
 y - a scroll of enchant armour {unknown}
Potions
 m - a potion of agility {unknown}
 n - a potion of curing
 s - a potion of degeneration {unknown}
 u - 2 potions of brilliance {unknown}
 v - a potion of cancellation {unknown}
 w - 3 potions of flight
 z - 4 potions of heal wounds
Comestibles
 f - 2 bread rations


   Skills:
 + Level 2.6 Fighting
 + Level 2.6 Long Blades
 + Level 3.9 Maces & Flails
 + Level 1.7 Throwing
 + Level 2.2 Armour
 + Level 3.6 Dodging
 + Level 1.2 Stealth


You had 5 spell levels left.
You didn't know any spells.

Dungeon Overview and Level Annotations

Branches:
Dungeon (3/15)

Altars:
Dithmenos
Kikubaaqudgha
Ru
Trog
Uskayaw

Annotations:
D:3 zazu2006's ghost, amateur DDNe


Innate Abilities, Weirdness & Mutations

You regenerate a little health from kills.
You are immune to rotting.
You possess an exceptional clarity of mind.
Your mind is acute. (Int +2)


Message History

You barely miss zazu2006's ghost.
Zazu2006's ghost is moderately damaged.
Zazu2006's ghost hits you but does no damage.
You are poisoned.
You hit zazu2006's ghost.
Zazu2006's ghost is heavily damaged.
You feel sick.
Zazu2006's ghost points at you and mumbles some strange words.
Pain shoots through your body!
* * * LOW HITPOINT WARNING * * *
You hit zazu2006's ghost.
Zazu2006's ghost is heavily damaged.
Zazu2006's ghost points at you and mumbles some strange words.
Pain shoots through your body!
* * * LOW HITPOINT WARNING * * *
You closely miss zazu2006's ghost.
Zazu2006's ghost is heavily damaged.
* * * LOW HITPOINT WARNING * * *
You feel sick. Zazu2006's ghost hits you.
You die...

##############..#####
######.# #......#
#.##...#######
#.##...'.....#
##.##...#####.#
#.(.....# #.#
#(......# #.#
#.....@.# #.#
#.....W.# #..
#.......# #..
#....#### #..
##....##### #.##
#.........#
#.........#
#.........#
#.........#


You could see zazu2006's ghost.

Vanquished Creatures
  2 big kobolds (Sewer)
  9 river rats
  4 adders
  A worm (D:2)
  A dart slug (D:1)
  A leopard gecko (D:3)
  4 ball pythons (Sewer)
  10 bats
  6 giant cockroaches
  8 goblins
  5 hobgoblins
  2 quokkas (D:2)
  7 frilled lizards
  22 kobolds
  23 rats
105 creatures vanquished.

Notes
Turn   | Place    | Note
-------+----------+-------------------------------------------
     0 | D:1      | slep the Demonspawn Gladiator began the quest for the Orb.
     0 | D:1      | Reached XP level 1. HP: 16/16 MP: 1/1
   125 | D:1      | Gained mutation: You are immune to rotting. [demonic ancestry]
   125 | D:1      | Reached XP level 2. HP: 22/22 MP: 2/2
   930 | D:2      | Reached XP level 3. HP: 24/27 MP: 3/3
  1611 | D:2      | Reached XP level 4. HP: 31/33 MP: 4/4
  1669 | D:2      | Found a hide-covered altar of Uskayaw.
  1670 | D:2      | Noticed a hand axe
  1670 | D:2      | Noticed a dagger
  1717 | D:2      | Found a bloodstained altar of Trog.
  1721 | D:2      | Found a shadowy altar of Dithmenos.
  1721 | D:2      | Found a sacrificial altar of Ru.
  1721 | D:2      | Found an ancient bone altar of Kikubaaqudgha.
  2102 | D:2      | Became a worshipper of Dithmenos the Shadowed
  2258 | D:3      | Found a glowing drain.
  2274 | Sewer    | Entered a sewer
  2466 | Sewer    | Reached skill level 1 in Armour
  2562 | Sewer    | Reached skill level 1 in Long Blades
  2578 | Sewer    | HP: 1/33 [river rat (6)]
  2579 | Sewer    | Reached skill level 1 in Stealth
  2912 | Sewer    | Gained mutation: You regenerate a little health from kills. [demonic ancestry]
  2912 | Sewer    | Reached XP level 5. HP: 33/38 MP: 5/5
  2984 | Sewer    | HP: 1/38 [big kobold/short sword (2)]
  2985 | Sewer    | Gained mutation: Your mind is acute. (Int +2) [potion of mutation]
  2985 | Sewer    | Gained mutation: You possess an exceptional clarity of mind. [potion of mutation]
  2987 | Sewer    | Reached * piety under Dithmenos
  3391 | Sewer    | Reached XP level 6. HP: 18/46 MP: 6/6
  3932 | D:3      | Noticed zazu2006's ghost (amateur DDNe)
  3969 | D:3      | HP: 2/46 [poisoned by zazu2006's ghost]
  3969 | D:3      | Slain by zazu2006's ghost

Vault maps used:
D:1:      tarquinn_simple_flora_water_d, st_stairs_9, minmay_statues_item,
          grunt_decor_arrowhead, minmay_tree_intersection
D:2:      kennysheep_six_static_rooms, dancing_weapons_uskayaw, minitemple,
          eino_tiny_chamber, kennysheep_nub, grunt_ministairs_4,
          minmay_goblin_kobold_house
D:3:      nicolae_gozag_zags_fifth_avenue, gup_sewer_entry_spiral, uniq_jessica
Sewer:    sewer_minmay_treatment

Skill      XL: |  1  2  3  4  5 |
---------------+----------------+-----
Maces & Flails | 3 |  3.9
Dodging        | 3 |  3.6
Armour         | 1 2 |  2.2
Long Blades    | 1 2 |  2.6
Stealth        | 1 |  1.2
Fighting       | |  2.6
Throwing       | |  1.7

Action                   |  1- 3 |  4- 6 || total
-------------------------+-------+-------++-------
Melee: Flail             |   139 |       ||   139
       Falchion          |     4 |   285 ||   289
  Use: Potion            |       |     6 ||     6
 Stab: Sleeping          |     4 |     4 ||     8
       Distracted        |       |     1 ||     1
  Eat: Chunk             |     2 |     8 ||    10
Armor: Leather armour    |    44 |    74 ||   118
Dodge: Dodged            |   117 |   283 ||   400
       Rpst.: Falchion   |     2 |    94 ||    96

Table legend:
 A = Spawn XP
 B = Non-spawn XP
 C = Spawn XP percentage of total XP
 D = Spawn monster count
 E = Non-spawn monster count
 F = Spawn count percentage of total count
 G = Total turns spent on level
                    A         B        C        D         E        F      G
               +---------+---------+-------+---------+---------+-------+---------
         Total |       0 |     506 |   0.0 |       0 |     105 |   0.0 |  3969
               +---------+---------+-------+---------+---------+-------+---------
           D:1 |       0 |      40 |   0.0 |       0 |      25 |   0.0 |   918
           D:2 |       0 |      62 |   0.0 |       0 |      22 |   0.0 |  1208
           D:3 |       0 |      30 |   0.0 |       0 |      10 |   0.0 |   252
         Sewer |       0 |     374 |   0.0 |       0 |      48 |   0.0 |  1591
               +---------+---------+-------+---------+---------+-------+---------
